 Dungeon Crawl Stone Soup version 0.31-a0-662-g684573625c (webtiles) character file.

Game seed: 13339735902152235645

43 Rhampir the Trooper (level 3, -1/29 HPs)
             Began as a Human Fighter on Aug 31, 2023.
             Slain by a cerulean imp
             ... wielding a +1 spear
             ... summoned by Natasha
              (4 damage)
             ... on level 2 of the Dungeon.
             The game lasted 00:08:40 (772 turns).

Rhampir the Trooper (Human Fighter)                  Turns: 772, Time: 00:08:43

Health: -1/29      AC:  8    Str: 22    XL:     3   Next: 82%
Magic:  3/3        EV:  9    Int:  8    God:
Gold:   50         SH:  4    Dex: 12    Spells: 2/2 levels left

rFire   . . .        a - +0 long sword
rCold   . . .        c - +0 buckler
rNeg    + . .        b - +0 scale mail
rPois   .            (no helmet)
rElec   .            (no cloak)
rCorr   .            j - +1 pair of gloves "Nuloiseh" {rN+ Str+4}
SInv    .            (no boots)
Will    .....        (no amulet) Stlth
                     (no ring)
HPRegen 0.24/turn    (no ring)
MPRegen 0.08/turn

%: no passive effects
@: no status effects
A: no striking features
a: no special abilities


You were on level 2 of the Dungeon.
You visited 1 branch of the dungeon, and saw 2 of its levels.

You collected 50 gold pieces.

Inventory:

Hand Weapons
 a - a +0 long sword (weapon)
Missiles
 g - 2 throwing nets
Armour
 b - a +0 scale mail (worn)
 c - a +0 buckler (worn)
 i - a +0 pair of gloves
 j - the +1 pair of gloves "Nuloiseh" (worn) {rN+ Str+4}
   (You found it on level 2 of the Dungeon)

   Str+4:     It affects your strength (+4).
   rN+:       It protects you from negative energy.
Scrolls
 e - a scroll of amnesia {unknown}
 f - a scroll of immolation {unknown}
 h - a scroll of identify {unknown}
Potions
 d - a potion of might


   Skills:
 + Level 3.4 Fighting
 + Level 2.9 Long Blades
 + Level 3.1 Armour
 + Level 3.3 Shields


You had 2 spell levels left.
You didn't know any spells.
Your spell library contained the following spells:

 Spells                   Type           Power      Damage    Failure   Level
 Ozocubu's Armour         Ice            0%         N/A       99%         3
 Ozocubu's Refrigeration  Ice            0%         4d7       100%        7


Dungeon Overview and Level Annotations

Branches:
Dungeon (2/15)

Altars:
Okawaru

Annotations:
D:2 Natasha


Message History

The cerulean imp hits you from afar with a +0 spear.
Natasha claws you but does no damage.
You hit Natasha but do no damage.
Natasha is lightly wounded.
You block the cerulean imp's attack.
Natasha wildly gestures.
Natasha shimmers violently.
Natasha closely misses you. The cerulean imp barely misses you.
You hit Natasha.
Natasha is lightly wounded.
Natasha barely misses you. The cerulean imp misses you.
You hit Natasha.
Natasha is heavily wounded.
Natasha casts a spell.
You block the cerulean imp's attack.
You miss Natasha.
Natasha is heavily wounded.
Natasha barely misses you.
The cerulean imp hits you but does no damage.
The cerulean imp hits you with a +1 spear.
Natasha barely misses you.
You hit Natasha but do no damage.
Natasha is heavily wounded.
The cerulean imp hits you but does no damage.
The cerulean imp hits you with a +1 spear.
Natasha barely misses you.
The cerulean imp hits you but does no damage.
You hit Natasha but do no damage.
Natasha is heavily wounded.
The cerulean imp hits you with a +1 spear.
* * * LOW HITPOINT WARNING * * *
Natasha closely misses you. You block the cerulean imp's attack.
The cerulean imp misses you.
You hit Natasha.
Natasha is severely wounded.
Natasha claws you but does no damage.
The cerulean imp hits you from afar with a +0 spear.
* * * LOW HITPOINT WARNING * * *
The cerulean imp hits you with a +1 spear.
You die...

### ###### #.. .....#
#.# ####.#
############# #.#
..##.#####.....5@h55.#
#.#
...........#########.#
#.# #.##.#######
#ยง###)####### . .#.#
#....5h5.)..# # ..#
#####.#####.#
####.####### #.# ##.##
............# #.#
#>..# .#....# .# #.#
#.5.# ......# .#
#.##......


You could see Natasha and 3 cerulean imps.

Vanquished Creatures
  An adder (D:2)
  2 worms (D:2)
  A dart slug (D:1)
  2 bats (D:1)
  5 endoplasms
  6 goblins
  A hobgoblin (D:2)
  A ball python (D:2)
  A frilled lizard (D:2)
  3 kobolds (D:1)
  2 rats
25 creatures vanquished.

Notes
Turn   | Place    | Note
-------+----------+-------------------------------------------
     0 | D:1      | Rhampir the Human Fighter began the quest for the Orb.
     0 | D:1      | Reached XP level 1. HP: 18/18 MP: 1/1
    99 | D:1      | Reached XP level 2. HP: 20/24 MP: 2/2
   499 | D:2      | Reached XP level 3. HP: 22/29 MP: 3/3
   521 | D:2      | Found an iron altar of Okawaru.
   592 | D:2      | Identified the +1 pair of gloves "Nuloiseh" {rN+ Str+4}
   732 | D:2      | Noticed Natasha
   772 | D:2      | Slain by a cerulean imp

Illustrated notes

Levels and vault maps discovered:
D:1:      lightli_arrival_isolated_outpost, layout_basic,
          shapermc_ecumenical_altar_petra
D:2:      layout_loops_ring, basic_altar, uniq_natasha

Action                     || total
---------------------------++-------
  Melee: Long sword        ||    98
 Armour: Scale mail        ||    81
  Dodge: Dodged            ||    39
  Block: Buckler           ||    32

Table legend: (Time is in decaauts)
 A = Elapsed time spent in this place.
 B = Non-inter-level travel time spent in this place.
 C = Inter-level travel time spent in this place.
 D = Time resting spent in this place.
 E = Time spent auto-exploring this place.
 F = Levels seen in this place.
 G = Mean time per level.
                   A        B        C        D        E       F      G
               +--------+--------+--------+--------+--------+-----+--------+
         Total |    804 |    804 |      0 |      0 |    161 |   2 |  402.0 |
       Dungeon |    804 |    804 |      0 |      0 |    161 |   2 |  402.0 |
               +--------+--------+--------+--------+--------+-----+--------+

Top non-repeatable levels by time:
     D:1: 490 daAuts
     D:2: 314 daAuts
